%YAML 1.1
%TAG !u! tag:unity3d.com,2011:
--- !u!1001 &100100000
Prefab:
  m_ObjectHideFlags: 1
  serializedVersion: 2
  m_Modification:
    m_TransformParent: {fileID: 0}
    m_Modifications: []
    m_RemovedComponents: []
  m_ParentPrefab: {fileID: 0}
  m_RootGameObject: {fileID: 1419335404896150}
  m_IsPrefabParent: 1
--- !u!1 &1037262673999426
GameObject:
  m_ObjectHideFlags: 1
  m_PrefabParentObject: {fileID: 0}
  m_PrefabInternal: {fileID: 100100000}
  serializedVersion: 5
  m_Component:
  - component: {fileID: 4985121601545298}
  - component: {fileID: 20056225416597870}
  - component: {fileID: 124954765605460358}
  - component: {fileID: 92399410753065490}
  - component: {fileID: 81728087250193912}
  - component: {fileID: 114458396751405604}
  m_Layer: 0
  m_Name: Camera
  m_TagString: MainCamera
  m_Icon: {fileID: 0}
  m_NavMeshLayer: 0
  m_StaticEditorFlags: 0
  m_IsActive: 1
--- !u!1 &1419335404896150
GameObject:
  m_ObjectHideFlags: 0
  m_PrefabParentObject: {fileID: 0}
  m_PrefabInternal: {fileID: 100100000}
  serializedVersion: 5
  m_Component:
  - component: {fileID: 4431300110694352}
  - component: {fileID: 114025608107662180}
  - component: {fileID: 114316298550613008}
  - component: {fileID: 114686824045573182}
  m_Layer: 0
  m_Name: PhaseSpace_Manager
  m_TagString: Untagged
  m_Icon: {fileID: 0}
  m_NavMeshLayer: 0
  m_StaticEditorFlags: 0
  m_IsActive: 1
--- !u!1 &1812153761934372
GameObject:
  m_ObjectHideFlags: 0
  m_PrefabParentObject: {fileID: 0}
  m_PrefabInternal: {fileID: 100100000}
  serializedVersion: 5
  m_Component:
  - component: {fileID: 4697781519688992}
  - component: {fileID: 114221185471277156}
  - component: {fileID: 114568402343433846}
  m_Layer: 0
  m_Name: Oculus
  m_TagString: Untagged
  m_Icon: {fileID: 0}
  m_NavMeshLayer: 0
  m_StaticEditorFlags: 0
  m_IsActive: 1
--- !u!4 &4431300110694352
Transform:
  m_ObjectHideFlags: 1
  m_PrefabParentObject: {fileID: 0}
  m_PrefabInternal: {fileID: 100100000}
  m_GameObject: {fileID: 1419335404896150}
  m_LocalRotation: {x: 0, y: 0, z: 0, w: 1}
  m_LocalPosition: {x: 0, y: 0, z: 0}
  m_LocalScale: {x: 1, y: 1, z: 1}
  m_Children:
  - {fileID: 4697781519688992}
  m_Father: {fileID: 0}
  m_RootOrder: 0
  m_LocalEulerAnglesHint: {x: 0, y: 0, z: 0}
--- !u!4 &4697781519688992
Transform:
  m_ObjectHideFlags: 1
  m_PrefabParentObject: {fileID: 0}
  m_PrefabInternal: {fileID: 100100000}
  m_GameObject: {fileID: 1812153761934372}
  m_LocalRotation: {x: 0, y: 0, z: 0, w: 1}
  m_LocalPosition: {x: 0, y: 0, z: 0}
  m_LocalScale: {x: 1, y: 1, z: 1}
  m_Children:
  - {fileID: 4985121601545298}
  m_Father: {fileID: 4431300110694352}
  m_RootOrder: 0
  m_LocalEulerAnglesHint: {x: 0, y: 0, z: 0}
--- !u!4 &4985121601545298
Transform:
  m_ObjectHideFlags: 1
  m_PrefabParentObject: {fileID: 0}
  m_PrefabInternal: {fileID: 100100000}
  m_GameObject: {fileID: 1037262673999426}
  m_LocalRotation: {x: -0, y: -0, z: -0, w: 1}
  m_LocalPosition: {x: 0, y: 0, z: 0}
  m_LocalScale: {x: 1, y: 1, z: 1}
  m_Children: []
  m_Father: {fileID: 4697781519688992}
  m_RootOrder: 0
  m_LocalEulerAnglesHint: {x: 0, y: 0, z: 0}
--- !u!20 &20056225416597870
Camera:
  m_ObjectHideFlags: 1
  m_PrefabParentObject: {fileID: 0}
  m_PrefabInternal: {fileID: 100100000}
  m_GameObject: {fileID: 1037262673999426}
  m_Enabled: 1
  serializedVersion: 2
  m_ClearFlags: 1
  m_BackGroundColor: {r: 0.19215687, g: 0.3019608, b: 0.4745098, a: 0}
  m_NormalizedViewPortRect:
    serializedVersion: 2
    x: 0
    y: 0
    width: 1
    height: 1
  near clip plane: 0.1
  far clip plane: 1000
  field of view: 60
  orthographic: 0
  orthographic size: 5
  m_Depth: 0
  m_CullingMask:
    serializedVersion: 2
    m_Bits: 4294967295
  m_RenderingPath: -1
  m_TargetTexture: {fileID: 0}
  m_TargetDisplay: 1
  m_TargetEye: 3
  m_HDR: 1
  m_AllowMSAA: 1
  m_ForceIntoRT: 0
  m_OcclusionCulling: 1
  m_StereoConvergence: 10
  m_StereoSeparation: 0.022
  m_StereoMirrorMode: 0
--- !u!81 &81728087250193912
AudioListener:
  m_ObjectHideFlags: 1
  m_PrefabParentObject: {fileID: 0}
  m_PrefabInternal: {fileID: 100100000}
  m_GameObject: {fileID: 1037262673999426}
  m_Enabled: 1
--- !u!92 &92399410753065490
Behaviour:
  m_ObjectHideFlags: 1
  m_PrefabParentObject: {fileID: 0}
  m_PrefabInternal: {fileID: 100100000}
  m_GameObject: {fileID: 1037262673999426}
  m_Enabled: 1
--- !u!114 &114025608107662180
MonoBehaviour:
  m_ObjectHideFlags: 1
  m_PrefabParentObject: {fileID: 0}
  m_PrefabInternal: {fileID: 100100000}
  m_GameObject: {fileID: 1419335404896150}
  m_Enabled: 1
  m_EditorHideFlags: 0
  m_Script: {fileID: 11500000, guid: 9fd99368278eda341b3f6b40efb41311, type: 3}
  m_Name: 
  m_EditorClassIdentifier: 
  callback: 0
  calibrateKey: 99
  saveKey: 49
  updatePosition: 1
  updateRotation: 1
  usePrediction: 1
  phasespaceTracker: {fileID: 1609066434254678, guid: fc825a3f4bf8f6e4d8e96b7e1773665c,
    type: 2}
  phasespaceRigidbody: []
  markerNames:
  - HEAD
  - HEAD1
  - HEAD2
  - CHE
  - CHE1
  - CHE2
  - PSI
  - PSI1
  - PSI2
  - LHAN
  - LHAN1
  - LHAN2
  - LELB
  - LELB1
  - LELB2
  - RHAN
  - RHAN1
  - RHAN2
  - RELB
  - RELB1
  - RELB2
  - LFT
  - LFT1
  - LFT2
  - LKN
  - LKN1
  - LKN2
  - RFT
  - RFT1
  - RFT2
  - RKN
  - RKN1
  - RKN2
  - OBJ
  - OBJ1
  - OBJ2
  mocapInputController: {fileID: 114316298550613008}
  loadSavedCalibration: 0
  persistenceFileName: 
--- !u!114 &114221185471277156
MonoBehaviour:
  m_ObjectHideFlags: 1
  m_PrefabParentObject: {fileID: 0}
  m_PrefabInternal: {fileID: 100100000}
  m_GameObject: {fileID: 1812153761934372}
  m_Enabled: 1
  m_EditorHideFlags: 0
  m_Script: {fileID: 11500000, guid: d9201971aa409dc48a09854b99c398e3, type: 3}
  m_Name: 
  m_EditorClassIdentifier: 
  trackerName: Headset
  rotationEnable: 0
  positionEnable: 1
--- !u!114 &114316298550613008
MonoBehaviour:
  m_ObjectHideFlags: 1
  m_PrefabParentObject: {fileID: 0}
  m_PrefabInternal: {fileID: 100100000}
  m_GameObject: {fileID: 1419335404896150}
  m_Enabled: 1
  m_EditorHideFlags: 0
  m_Script: {fileID: 11500000, guid: 3811de152fb49a54f80a8e9fcc542274, type: 3}
  m_Name: 
  m_EditorClassIdentifier: 
  callback: 0
  markerIDToNameMapping: .\ExternalAsset\MocapData\marker_alias.ma
  m_mocapSource: 0
  drawMarkers: 0
  updateMarkers: 1
  delayOptions:
    delayMocap: 0
    delayTime: 1.5
  VRPNOptions:
    initAtStartup: 0
    connectionString: Tracker0@localhost
    frameSkip: 8
    frameSkipIncrement: 8
  fileOptions:
    initAtStartup: 0
    fileToLoad: .\adjusted-id-schubert-day-1-exp-1-trial-1OK.mkr16Hz.csv
  phasespaceOptions:
    initAtStartup: 0
    deviceName: iciigphasespacex2.epfl.ch
    slaveMode: 1
--- !u!114 &114458396751405604
MonoBehaviour:
  m_ObjectHideFlags: 1
  m_PrefabParentObject: {fileID: 0}
  m_PrefabInternal: {fileID: 100100000}
  m_GameObject: {fileID: 1037262673999426}
  m_Enabled: 1
  m_EditorHideFlags: 0
  m_Script: {fileID: 11500000, guid: 7e933e81d3c20c74ea6fdc708a67e3a5, type: 3}
  m_Name: 
  m_EditorClassIdentifier: 
  queueAhead: 1
  useRecommendedMSAALevel: 0
  enableAdaptiveResolution: 0
  minRenderScale: 0.7
  maxRenderScale: 1
  expandMixedRealityCapturePropertySheet: 0
  enableMixedReality: 0
  compositionMethod: 0
  extraHiddenLayers:
    serializedVersion: 2
    m_Bits: 0
  capturingCameraDevice: 0
  flipCameraFrameHorizontally: 0
  flipCameraFrameVertically: 0
  handPoseStateLatency: 0
  sandwichCompositionRenderLatency: 0
  sandwichCompositionBufferedFrames: 8
  chromaKeyColor: {r: 0, g: 1, b: 0, a: 1}
  chromaKeySimilarity: 0.6
  chromaKeySmoothRange: 0.03
  chromaKeySpillRange: 0.06
  useDynamicLighting: 0
  depthQuality: 1
  dynamicLightingSmoothFactor: 8
  dynamicLightingDepthVariationClampingValue: 0.001
  virtualGreenScreenType: 0
  virtualGreenScreenTopY: 10
  virtualGreenScreenBottomY: -10
  virtualGreenScreenApplyDepthCulling: 0
  virtualGreenScreenDepthTolerance: 0.2
  _trackingOriginType: 0
  usePositionTracking: 0
  useRotationTracking: 1
  useIPDInPositionTracking: 1
  resetTrackerOnLoad: 0
--- !u!114 &114568402343433846
MonoBehaviour:
  m_ObjectHideFlags: 1
  m_PrefabParentObject: {fileID: 0}
  m_PrefabInternal: {fileID: 100100000}
  m_GameObject: {fileID: 1812153761934372}
  m_Enabled: 1
  m_EditorHideFlags: 0
  m_Script: {fileID: 11500000, guid: 960f59517f82e7e4a90e4d3d4d885436, type: 3}
  m_Name: 
  m_EditorClassIdentifier: 
  correct: {fileID: 0}
  drifting: {fileID: 4985121601545298}
  initOnly: 0
  smoothingFactor: 0.005
--- !u!114 &114686824045573182
MonoBehaviour:
  m_ObjectHideFlags: 1
  m_PrefabParentObject: {fileID: 0}
  m_PrefabInternal: {fileID: 100100000}
  m_GameObject: {fileID: 1419335404896150}
  m_Enabled: 0
  m_EditorHideFlags: 0
  m_Script: {fileID: 11500000, guid: fd1e9f40715e1184087bc997e059e257, type: 3}
  m_Name: 
  m_EditorClassIdentifier: 
  getLiveData: 1
  mocap_marker_alias_file_path: .\ExternalAsset\MocapData\marker_alias.ma
  VRPN_connection_string: 
  frameIncrement: 8
  startFrameNo: 1
  currentFrame: 1
  movementTrace: 0
  renderMarkers: 0
  freezeMarkers: 0
--- !u!124 &124954765605460358
Behaviour:
  m_ObjectHideFlags: 1
  m_PrefabParentObject: {fileID: 0}
  m_PrefabInternal: {fileID: 100100000}
  m_GameObject: {fileID: 1037262673999426}
  m_Enabled: 1
